 Dungeon Crawl Stone Soup version 0.26-a0-317-ge2f3d4a7ca (webtiles) character file.

Game seed: 16865991248488249509

261 ANON1729 the Conjurer (level 5, -5/57 HPs)
             Began as a Draconian Conjurer on July 16, 2020.
             Killed by divine providence
             ... invoked by an orc priest
              (13 damage)
             ... on level 4 of the Dungeon.
             The game lasted 00:06:34 (3104 turns).

ANON1729 the Conjurer (Draconian Conjurer)          Turns: 3104, Time: 00:06:35

Health: -5/57      AC: 22    Str:  9 (10) XL:     5   Next: 96%
Magic:  5/9        EV:  2    Int: 17 (19) God:
Gold:   268        SH:  0    Dex:  6 (9)  Spells: 7/10 levels left

rFire    . . .     SeeInvis .   l - +2 war axe (freeze)
rCold    . . .     Faith    .   (no shield)
rNeg     + + +     Spirit   .   (armour unavailable)
rPois    +         Reflect  .   (helmet currently unavailable)
rElec    .         Harm     .   (cloak currently unavailable)
rCorr    .         NoTele   +   (gloves currently unavailable)
MR       .....                  (boots currently unavailable)
Stlth    +.........             (no amulet)
HPRegen  0.19/turn              (no ring)
MPRegen  0.11/turn              (no ring)

@: confused, lethally poisoned (-5 -> -8), tree-form, stab
A: unfitting armour, AC +5
a: no special abilities


You were on level 4 of the Dungeon.
You were a tree.
You visited 1 branch of the dungeon, and saw 4 of its levels.

You collected 268 gold pieces.

Inventory:

Hand Weapons
 l - a +2 war axe of freezing (weapon)
Armour
 q - a +1 pair of gloves of strength (melded)
Scrolls
 c - 2 scrolls of fog {unknown}
 d - 3 scrolls of noise {unknown}
 e - 5 scrolls of identify {unknown}
 f - 2 scrolls of enchant armour {unknown}
 i - 7 scrolls of teleportation {unknown}
 j - 3 scrolls of blinking {unknown}
 k - a scroll of magic mapping {unknown}
 n - 4 scrolls of amnesia {unknown}
 s - a scroll of enchant weapon {unknown}
Potions
 a - a potion of degeneration
 b - a potion of mutation {unknown}
 g - a potion of haste {unknown}
 h - a potion of curing {unknown}
 m - a potion of magic {unknown}
 o - a potion of flight {unknown}
 p - a potion of stabbing
 r - a potion of lignification
 t - 2 potions of resistance {unknown}


   Skills:
 + Level 3.2 Dodging
 + Level 3.4 Stealth
 + Level 3.2 Spellcasting
 + Level 5.0 Conjurations


You had 7 spell levels left.
You knew the following spells:

 Your Spells              Type           Power        Failure   Level
a - Magic Dart            Conj           ###.         2%          1
b - Searing Ray           Conj           ###...       3%          2

Your spell library contained the following spells:

 Spells                   Type           Power        Failure   Level
 Conjure Flame            Conj/Fire      ##......     19%         3
 Dazzling Flash           Conj/Hex       ##....       19%         3
 Inner Flame              Hex/Fire       #.......     45%         3
 Fulminant Prism          Conj/Hex       ##........   52%         4
 Iskenderun's Mystic Bla  Conj/Tloc      ##......     52%         4
 Sticky Flame             Conj/Fire      ##......     52%         4
 Fireball                 Conj/Fire      ##........   86%         5


Dungeon Overview and Level Annotations

Branches:
Dungeon (4/15)
 Temple: D:4-7

Altars:
Cheibriados
Dithmenos
Gozag
Hepliaklqana
Qazlal
Xom

Annotations:
D:4 exclusion: orc priest


Innate Abilities, Weirdness & Mutations

((Your plain brown scales are hard. (AC +5)))
You cannot fit into any form of body armour.
((You are cold-blooded and may be slowed by cold attacks.))


Message History

A +0 dagger.
There is something else lying underneath.
The floor.
Placed new exclusion.
Reduced exclusion size to a single square.
You miss the orc wizard. You hit the orc priest. You freeze the orc priest.
You miss the orc.
You feel sick. The orc hits you but does no damage.
The orc priest calls upon Beogh to heal the orc.
The orc's wounds heal themselves!
The orc wizard hits you but does no damage.
The orc hits you with a +0 whip.
* * * LOW HITPOINT WARNING * * *
The orc priest looks satisfied for a moment.
The orc wizard hits you but does no damage.
It was a potion of stabbing.
You feel ready to backstab. The orc hits you but does no damage.
The orc priest calls down the wrath of Beogh upon you.
Beogh smites you!
You die...

#. .# #. .# #. ####.# #.
....#########.
#..........###
###########..........# #
......o..............###
......o♣................
...###o..###...###..####
. #...# #...# #......
#...###...###.....#
....................
.....................
......................
.###...###...###......
... #...# #......


You could see an orc priest, an orc wizard and an orc.

Vanquished Creatures
  A phantom (D:4)
  A hound (D:4)
  2 worker ants (D:4)
  4 adders
  2 worms
  A dart slug (D:1)
  2 leopard geckos (D:1)
  2 orcs
  A giant cockroach (D:2)
  5 goblins
  7 hobgoblins
  2 quokkas
  2 ball pythons (D:1)
  6 bats
  8 frilled lizards
  A jackal skeleton (D:4)
  3 kobolds
  5 rats
55 creatures vanquished.

Notes
Turn   | Place    | Note
-------+----------+-------------------------------------------
     0 | D:1      | ANON1729 the Draconian Conjurer began the quest for the
                  | Orb.
     0 | D:1      | Reached XP level 1. HP: 14/14 MP: 3/3
    34 | D:1      | You fall into a shaft and drop 1 floor!
   289 | D:1      | Reached XP level 2. HP: 20/20 MP: 0/5
  1096 | D:1      | Learned a level 2 spell: Searing Ray
  1230 | D:2      | Reached XP level 3. HP: 18/26 MP: 0/6
  1647 | D:2      | Found an opulent altar of Gozag.
  2184 | D:3      | Found a stormy altar of Qazlal.
  2482 | D:3      | Reached XP level 4. HP: 29/33 MP: 7/7
  2778 | D:4      | Noticed a phantom
  2795 | D:4      | Killed a phantom
  2795 | D:4      | Reached XP level 5. HP: 27/38 MP: 9/9
  2902 | D:4      | Found a shimmering altar of Xom.
  2905 | D:4      | Found a hazy altar of Hepliaklqana.
  2908 | D:4      | Found a snail-covered altar of Cheibriados.
  2911 | D:4      | Found a shadowy altar of Dithmenos.
  2986 | D:4      | Reached skill level 5 in Conjurations
  3104 | D:4      | Killed from afar by an orc priest

Illustrated notes

Levels and vault maps discovered:
D:1:      saegor_arrival_simple_d, layout_basic
D:2:      layout_rooms, nicolae_overflow_hidden_temple
D:3:      layout_loops_cross, overflow_temple_1_default, glass_columns_b
D:4:      layout_basic, grunt_temple_overflow_cloverleaf, lemuel_doored_altar,
          kennysheep_boxes

Skill      XL: |  1  2  3  4  5 |
---------------+----------------+-----
Dodging        | 2 3 |  3.2
Stealth        | 2 3 |  3.4
Spellcasting   | 3 |  3.2
Conjurations   | 5 |  5.0

Action                   |  1- 3 |  4- 6 || total
-------------------------+-------+-------++-------
Melee: Unarmed           |    37 |       ||    37
       Tailslap          |     3 |     3 ||     6
       War axe           |    55 |    38 ||    93
 Cast: Magic Dart        |    44 |       ||    44
       Searing Ray       |       |     1 ||     1
  Use: Potion            |       |     3 ||     3
 Stab: Sleeping          |       |     1 ||     1
Armor: Skin              |    28 |    26 ||    54
Dodge: Dodged            |    78 |    37 ||   115

Table legend:
 A = Non-vault XP
 B = Vault XP
 C = Vault XP percentage of total XP
 D = Non-vault monster count
 E = Vault monster count
 F = Vault count percentage of total count
                 A         B        C        D         E       F
            +---------+---------+-------+---------+---------+-------
      Total |     374 |       0 |   0.0 |      55 |       0 |   0.0
            +---------+---------+-------+---------+---------+-------
        D:1 |      27 |       0 |   0.0 |      16 |       0 |   0.0
        D:2 |      44 |       0 |   0.0 |      18 |       0 |   0.0
        D:3 |      33 |       0 |   0.0 |      11 |       0 |   0.0
        D:4 |     270 |       0 |   0.0 |      10 |       0 |   0.0
            +---------+---------+-------+---------+---------+-------
